 Dungeon Sprint DCSS version 0.26-a0-712-ga5a9c9c9d0 (webtiles) character file.

Game seed: 6070011828701766372

55179 mhtbhm the Impregnable (level 14, -28/151 HPs)
             Began as a Minotaur Fighter on Oct 31, 2020.
             Was an Initiate of Gozag.
             Killed from afar by a frost giant (48 damage)
             ... with a bolt of cold
             ... in the Dungeon (Sprint IX: "|||||||||||||||||||||||||||||").
             The game lasted 00:22:08 (7904 turns).

mhtbhm the Impregnable (Minotaur Fighter)           Turns: 7904, Time: 00:22:08

Health: -28/151    AC: 31    Str: 31    XL:     14   Next: 37%
Magic:  13/13      EV: 13    Int: 15    God:    Gozag
Gold:   6246       SH: 18    Dex: 17    Spells: 13/13 levels left

rFire    . . .     SeeInvis .   a - +2 scimitar (freeze)
rCold    . . .     Faith    .   c - +0 kite shield
rNeg     + . .     Spirit   .   I - +2 plate armour "Bero" {rElec Dex+5 Slay+4}
rPois    .         Reflect  .   (helmet restricted)
rElec    +         Harm     .   v - +0 cloak
rCorr    .         Rampage  .   M - +2 pair of gloves {Dex+3}
MR       +....     NoTele   +   C - +2 pair of boots {Fly}
Stlth    ..........             H - amulet of Boddow Voyxt {RegenMP Str+4 Int+8 Dex-2}
HPRegen  0.35/turn              K - ring of Xeihuell {Fire rN+ Int+2 Dex+2}
MPRegen  0.38/turn              A - ring of ice

@: gold aura, hasted, studying Fire Magic, very quick
A: retaliatory headbutt, horns 2
a: Potion Petition, Call Merchant, Bribe Branch, Renounce Religion, Evoke Flight


You were in the Dungeon.
You worshipped Gozag.
Gozag was greatly pleased with you.
You visited 1 branch You collected 15419 gold pieces.
You spent 7814 gold pieces at shops.
You paid 1359 gold pieces to Gozag.

Inventory:

Hand Weapons
 a - a +2 scimitar of freezing (weapon)
 p - the +7 great mace "Firestarter" {inner flame, rF++}
   (You bought it in a shop in the Dungeon)

   It has been specially enchanted to burn those struck by it, causing extra
   injury to most foes and up to half again as much damage against particularly
   susceptible opponents.
   It greatly protects you from fire.
Armour
 c - a +0 kite shield (worn)
 v - a +0 cloak (worn)
 C - a +2 pair of boots of flying (worn)
 I - the +2 plate armour "Bero" (worn) {rElec Dex+5 Slay+4}
   (You bought it in a shop in the Dungeon)

   It affects your dexterity (+5).
   It affects your accuracy and damage with ranged weapons and melee attacks
   (+4).
   It insulates you from electricity.
 M - a +2 pair of gloves of dexterity (worn)
Jewellery
 z - an uncursed ring of see invisible
 A - a ring of ice (right hand)
 H - the amulet of Boddow Voyxt (around neck) {RegenMP Str+4 Int+8 Dex-2}
   (You bought it in a shop in the Dungeon)

   [amulet of magic regeneration]

   It increases your magic regeneration.
   It affects your strength (+4).
   It affects your intelligence (+8).
   It affects your dexterity (-2).
 K - the ring of Xeihuell (left hand) {Fire rN+ Int+2 Dex+2}
   (You bought it in a shop in the Dungeon)

   [ring of fire]

   It enhances your fire magic.
   It affects your intelligence (+2).
   It affects your dexterity (+2).
   It protects you from fire.
   It makes you vulnerable to cold.
   It protects you from negative energy.
Wands
 n - a wand of acid (1)
Scrolls
 j - 3 scrolls of blinking
 l - 4 scrolls of remove curse
 m - 3 scrolls of amnesia
 r - a scroll of identify
 t - 4 scrolls of fog
 D - 2 scrolls of enchant weapon
 E - a scroll of fear
Potions
 d - a potion of might
 e - 3 potions of curing
 f - 7 potions of heal wounds
 h - 4 potions of magic
 k - a potion of invisibility
 q - 2 potions of resistance
 u - a potion of mutation
 w - 2 potions of brilliance
Books
 s - a manual of Fire Magic
Miscellaneous
 x - a condenser vane (2/2)
 y - a tin of tremorstones (3/3)


   Skills:
 + Level 21.6 Fighting
 + Level 21.1 Long Blades
 + Level 21.8 Armour
 + Level 7.0 Dodging
 - Level 6.2 Stealth
 + Level 21.5 Shields
 + Level 9.6 Evocations


You had 13 spell levels left.
You didn't know any spells.
Your spell library contained the following spells:

 Spells                   Type           Power        Failure   Level
 Foxfire                  Conj/Fire      #...         67%         1
 Cause Fear               Hex            #.........   100%        4
 Dragon Form              Tmut           #.........   100%        7
 Dragon's Call            Summ           #.........   100%        9


Dungeon Overview and Level Annotations

Branches:
Dungeon (1/1)

Altars:
Cheibriados
Dithmenos
Elyvilon
Fedhas
Gozag
Hepliaklqana
Kikubaaqudgha
Makhleb
Nemelex Xobeh
Okawaru
Qazlal
Ru
Sif Muna
Trog
Uskayaw
Vehumet
Wu Jian
Xom
Yredelemnul
Zin
The Shining One
Beogh
Jiyva
Lugonu

Shops:
D *(:(}


Innate Abilities, Weirdness & Mutations

You reflexively headbutt those who attack you in melee.
You have a pair of horns on your head.


Message History

The purple ugly thing gurgles horribly!
You slash the white very ugly thing! You headbutt the white very ugly thing!
The white very ugly thing is severely wounded.
The white very ugly thing gores you.
The white very ugly thing freezes you!!!
The frost giant points at you and mumbles some strange words.
The bolt of cold hits the white very ugly thing!
The white very ugly thing resists.
The bolt of cold hits you!!!
* * * LOW HITPOINT WARNING * * *
Unknown command.
Okay, then.
You feel yourself speed up. The white very ugly thing gores you.
* * * LOW HITPOINT WARNING * * *
The white very ugly thing freezes you!!
* * * LOW HITPOINT WARNING * * *
The frost giant gestures at you while chanting.
The bolt of cold hits the white very ugly thing.
The white very ugly thing resists.
The bolt of cold hits you!!!
You die...
Your body crumbles into a pile of gold.

▓.......................
▓.▓▓▓▓▓▓▓▓▓▓▓▓▓▓▓▓▓▓▓▓▓▓
▓..(.((((('(.)).))))))))
▓▓▓▓▓▓▓▓▓▓▓▓▓▓▓▓▓▓▓▓▓▓▓▓
▓.......................
▓.▓▓▓▓▓▓▓▓▓▓▓▓▓▓▓▓▓▓▓▓▓▓
▓..........∩.)).).).....
▓▓▓▓▓▓▓▓▓▓▓▓▓▓▓▓▓▓▓▓▓▓▓▓
▓.C.u..@..............).
▓u▓▓▓▓▓▓▓▓▓▓▓▓▓▓▓▓▓▓▓▓▓▓
▓..$Cu.u.........D'$u$$$
▓▓▓▓▓▓▓▓▓▓▓▓▓▓▓▓▓▓▓▓▓▓▓▓


You could see a frost giant and 2 very ugly things.

Vanquished Creatures
  A golden dragon (D)
  Frances (D)
  Kirke (D)
  A frost giant (D)
  2 stone giants (D)
  An entropy weaver (D)
  Nessos (D)
  2 dire elephants (D)
  2 spark wasps (D)
  2 merfolk impalers (D)
  3 ettins (D)
  A great orb of eyes (D)
  2 ogre magi (D)
  An ice dragon (D)
  Erolcha (D)
  A rakshasa (D)
  A boulder beetle (D)
  A naga warrior (D)
  2 centaur warriors (D)
  3 hydras (D)
  An anaconda (D)
  A shambling mangrove (D)
  2 two-headed ogres (D)
  A deep troll shaman (D)
  A vampire mage (D)
  A salamander mystic (D)
  5 deep trolls (D)
  A spriggan druid (D)
  A naga ritualist (D)
  A wizard (D)
  5 orc knights (D)
  A necromancer (D)
  An ugly thing (D)
  3 manticores (D)
  A cyclops (D)
  6 elephants (D)
  Joseph (D)
  A moth of wrath (D)
  2 guardian serpents (D)
  A black mamba (D)
  2 naga magi (D)
  Psyche (D)
  4 cane toads (D)
  3 komodo dragons (D)
  A tengu conjurer (D)
  A polar bear (D)
  2 merfolk (D)
  8 trolls (D)
  A wind drake (D)
  2 jumping spiders (D)
  2 hornets (D)
  A tyrant leech (D)
  A snapping turtle (D)
  2 bog bodies (D)
  2 slime creatures (D)
  2 blink frogs (D)
  A redback (D)
  2 spriggans (D)
  2 tarantellas (D)
  2 hogs (D)
  2 yaks (D)
  A naga (D)
  4 water moccasins (D)
  A black bear (shapeshifter) (D)
  A floating eye (D)
  A black bear (D)
  10 orc warriors (D)
  An eye of draining (D)
  4 bullfrogs (D)
  A wight (D)
  2 orc priests (D)
  An iguana (D)
  3 orc wizards (D)
  A shadow imp (D)
  2 adder zombies (D)
  7 orcs (D)
  A bat skeleton (D)
  A giant cockroach (D)
  A goblin (D)
  3 hobgoblins (D)
  A giant cockroach simulacrum (D)
  A kobold (D)
159 creatures vanquished.

Notes
Turn   | Place    | Note
-------+----------+-------------------------------------------
     0 | D        | mhtbhm the Minotaur Fighter began the quest for the Orb.
     0 | D        | Reached XP level 1. HP: 19/19 MP: 0/0
   242 | D        | Noticed an iguana
   250 | D        | Killed an iguana
   250 | D        | Reached skill level 5 in Fighting
   250 | D        | Reached skill level 5 in Armour
   250 | D        | Reached skill level 5 in Shields
   250 | D        | Reached XP level 2. HP: 19/29 MP: 1/1
   250 | D        | Reached XP level 3. HP: 24/36 MP: 2/2
   268 | D        | Found a roughly hewn altar of Beogh.
   268 | D        | Found a snail-covered altar of Cheibriados.
   268 | D        | Found a shadowy altar of Dithmenos.
   268 | D        | Found a white marble altar of Elyvilon.
   268 | D        | Found a blossoming altar of Fedhas.
   268 | D        | Found an opulent altar of Gozag.
   269 | D        | Found a hazy altar of Hepliaklqana.
   270 | D        | Found a viscous altar of Jiyva.
   271 | D        | Found an ancient bone altar of Kikubaaqudgha.
   272 | D        | Found a corrupted altar of Lugonu.
   273 | D        | Found a burning altar of Makhleb.
   361 | D        | Found a sparkling altar of Nemelex Xobeh.
   362 | D        | Found an iron altar of Okawaru.
   363 | D        | Found a stormy altar of Qazlal.
   364 | D        | Found a sacrificial altar of Ru.
   365 | D        | Found a shimmering blue altar of Sif Muna.
   366 | D        | Found a bloodstained altar of Trog.
   367 | D        | Found a hide-covered altar of Uskayaw.
   390 | D        | Found a radiant altar of Vehumet.
   391 | D        | Found an ornate altar of the Wu Jian Council.
   392 | D        | Found a shimmering altar of Xom.
   403 | D        | Became a worshipper of Gozag Ym Sagoz the Greedy
   412 | D        | Found a basalt altar of Yredelemnul.
   413 | D        | Found a glowing silver altar of Zin.
   414 | D        | Found a glowing golden altar of the Shining One.
   467 | D        | Noticed a yak
   467 | D        | Noticed a two-headed ogre
   467 | D        | Noticed a bullfrog
   467 | D        | Noticed a two-headed ogre
   468 | D        | Reached skill level 5 in Long Blades
   468 | D        | Reached XP level 4. HP: 44/44 MP: 3/3
   469 | D        | Killed a yak
   469 | D        | Reached XP level 5. HP: 53/53 MP: 4/4
   472 | D        | Killed a two-headed ogre
   472 | D        | Reached skill level 10 in Fighting
   472 | D        | Reached skill level 10 in Armour
   472 | D        | Reached skill level 10 in Shields
   472 | D        | Reached XP level 6. HP: 49/66 MP: 5/5
   472 | D        | Reached XP level 7. HP: 53/72 MP: 6/6
   479 | D        | Killed a two-headed ogre
   479 | D        | Reached skill level 1 in Evocations
   479 | D        | Reached XP level 8. HP: 31/82 MP: 7/7
   701 | D        | Noticed a six-headed hydra
   701 | D        | Noticed a troll
   701 | D        | Noticed a purple ugly thing
   701 | D        | Noticed a komodo dragon
   701 | D        | Noticed a centaur warrior
   709 | D        | Killed an 11-headed hydra
   709 | D        | Reached XP level 9. HP: 54/90 MP: 8/8
   713 | D        | Killed a troll
   717 | D        | Killed a purple ugly thing
  1097 | D        | Killed a komodo dragon
  1102 | D        | Killed a centaur warrior
  1102 | D        | Reached skill level 15 in Long Blades
  1102 | D        | Reached skill level 1 in Stealth
  1374 | D        | Noticed a komodo dragon
  1374 | D        | Noticed a komodo dragon
  1374 | D        | Noticed a cane toad
  1377 | D        | Killed a komodo dragon
  1377 | D        | Reached XP level 10. HP: 72/101 MP: 9/9
  1379 | D        | Reached skill level 1 in Dodging
  1384 | D        | Killed a cane toad
  1389 | D        | Noticed a cane toad
  1404 | D        | Killed a cane toad
  1584 | D        | Noticed a cane toad
  1584 | D        | Noticed a black mamba
  1584 | D        | Noticed a boulder beetle
  1593 | D        | Killed a cane toad
  1593 | D        | Reached skill level 15 in Armour
  1603 | D        | Killed a black mamba
  1640 | D        | Killed a boulder beetle
  1938 | D        | Noticed an elephant
  1938 | D        | Noticed an elephant
  1938 | D        | Noticed an elephant
  1938 | D        | Noticed a dire elephant
  1938 | D        | Noticed an elephant
  1938 | D        | Noticed a dire elephant
  1945 | D        | Killed an elephant
  1945 | D        | Reached XP level 11. HP: 99/111 MP: 10/10
  2036 | D        | Killed a dire elephant
  2036 | D        | Reached skill level 15 in Fighting
  2626 | D        | Killed a dire elephant
  3104 | D        | Noticed Erolcha
  3108 | D        | Killed Erolcha
  3154 | D        | Noticed an orc knight
  3154 | D        | Noticed an orc knight
  3155 | D        | Noticed an orc knight
  3155 | D        | Reached skill level 15 in Shields
  3160 | D        | Killed an orc knight
  3169 | D        | Killed an orc knight
  3179 | D        | Killed an orc knight
  3362 | D        | Noticed an orc knight
  3375 | D        | Killed an orc knight
  3377 | D        | Noticed an orc knight
  3731 | D        | Killed an orc knight
  3808 | D        | Found Osoim's Antique Weapon Emporium.
  3808 | D        | Noticed a deep troll
  3808 | D        | Noticed a deep troll
  3814 | D        | Reached XP level 12. HP: 116/125 MP: 11/11
  3821 | D        | Noticed an ettin
  3940 | D        | Killed an ettin
  4238 | D        | Found Garuob's Book Shoppe.
  4242 | D        | Found Biops's Weapon Emporium.
  4245 | D        | Found Ziful's Gadget Shoppe.
  4246 | D        | Noticed an ogre mage
  4247 | D        | Noticed an ettin
  4263 | D        | Killed an ogre mage
  4696 | D        | Killed an ettin
  4918 | D        | Bought a condenser vane (2/2) for 200 gold pieces
  4918 | D        | Bought a tin of tremorstones (3/3) for 400 gold pieces
  4926 | D        | Bought a book of the Dragon for 1170 gold pieces
  4979 | D        | Noticed Joseph
  4993 | D        | Killed Joseph
  5150 | D        | Bought a glowing scale mail for 196 gold pieces
  5150 | D        | Bought a lumpy orange potion for 25 gold pieces
  5150 | D        | Bought a scroll of identify for 56 gold pieces
  5150 | D        | Bought a yellow potion for 25 gold pieces
  5150 | D        | Bought an ancient iron amulet for 140 gold pieces
  5150 | D        | Bought a transparent plate armour for 784 gold pieces
  5150 | D        | Bought a smoky inky potion for 25 gold pieces
  5150 | D        | Bought a fine silver ring for 140 gold pieces
  5150 | D        | Bought a shimmering scale mail for 252 gold pieces
  5160 | D        | Identified the amulet of Boddow Voyxt {RegenMP Str+4 Int+8
                  | Dex-2} (You bought it in a shop in the Dungeon)
  5161 | D        | Identified the ring of Xeihuell {Fire rN+ Int+2 Dex+2} (You
                  | bought it in a shop in the Dungeon)
  5181 | D        | Identified the +2 plate armour "Bero" {rElec Dex+5 Slay+4}
                  | (You bought it in a shop in the Dungeon)
  5191 | D        | Identified the +3 scale mail of Amigupum {Regen+} (You
                  | bought it in a shop in the Dungeon)
  5232 | D        | Noticed a six-headed hydra
  5233 | D        | Reached skill level 5 in Dodging
  5237 | D        | Killed an eight-headed hydra
  5257 | D        | Noticed an ice dragon
  5284 | D        | Killed an ice dragon
  5587 | D        | Noticed a stone giant
  5598 | D        | Killed a stone giant
  5598 | D        | Reached skill level 5 in Stealth
  5598 | D        | Noticed a centaur warrior
  5608 | D        | Killed a centaur warrior
  5635 | D        | Noticed an ogre mage
  5641 | D        | Killed an ogre mage
  5641 | D        | Reached XP level 13. HP: 89/137 MP: 12/12
  5864 | D        | Noticed Frances
  5874 | D        | Killed Frances
  5941 | D        | Noticed Nessos
  5944 | D        | Noticed Kirke
  5957 | D        | Killed Kirke
  5963 | D        | Killed Nessos
  5963 | D        | Reached skill level 5 in Evocations
  6292 | D        | Bought a scroll of fog for 60 gold pieces
  6292 | D        | Bought the +7 great mace "Firestarter" {inner flame, rF++}
                  | for 2136 gold pieces
  6292 | D        | Found the +7 great mace "Firestarter" {inner flame, rF++}
  6292 | D        | Bought shiny ice dragon scales for 1890 gold pieces
  6292 | D        | Bought a scroll of identify for 60 gold pieces
  6292 | D        | Bought a scroll labeled QEWOUD LEMU for 30 gold pieces
  6292 | D        | Bought a pair of runed gloves for 225 gold pieces
  6815 | D        | Noticed a spark wasp
  6815 | D        | Noticed a spark wasp
  6815 | D        | Noticed an entropy weaver
  6821 | D        | Killed a spark wasp
  6824 | D        | Killed a spark wasp
  6825 | D        | Killed an entropy weaver
  6972 | D        | Noticed a merfolk impaler
  6972 | D        | Noticed a merfolk impaler
  6975 | D        | Killed a merfolk impaler
  6975 | D        | Killed a merfolk impaler
  6978 | D        | Reached XP level 14. HP: 137/149 MP: 13/13
  6979 | D        | Upgraded the game from 0.26-a0-710-g95a0c6c400 to
                  | 0.26-a0-712-ga5a9c9c9d0
  7106 | D        | Noticed Psyche
  7112 | D        | Killed Psyche
  7152 | D        | Noticed a frost giant
  7152 | D        | Noticed a stone giant
  7153 | D        | Noticed a golden dragon
  7162 | D        | Killed a frost giant
  7175 | D        | Killed a stone giant
  7176 | D        | Noticed a white very ugly thing
  7542 | D        | Paralysed by a floating eye for 4 turns
  7582 | D        | Killed a golden dragon
  7889 | D        | Noticed a frost giant
  7894 | D        | Noticed a cyan very ugly thing
  7904 | D        | Killed from afar by a frost giant

Illustrated notes

Levels and vault maps discovered:
D:        linesprint [early_d, line_temple, items_1, d_10, items_2, lair_1,
          lair_end, items_3, orc_1, orc_end, items_4, d_15, swamp_1, shoals_1,
          snake_1, spider_1, d_20, vaults_1, items_5, swamp_end, shoals_end,
          snake_end, spider_end, vaults_end, d_27, items_6, zot_1, zot_end,
          crypt_end, forest_end, elf_end, slime_end, tomb_end, abyss_end,
          pan_hell_end]

Skill      XL: |  1  2  3  4  5  6  7  8  9 10 11 12 13 14 |
---------------+-------------------------------------------+-----
Fighting       | 5 6 7 10 11 12 13 14 17 19 20 21 | 21.6
Armour         | 5 6 8 10 11 12 14 15 17 19 21 | 21.8
Shields        | 5 7 10 11 12 13 15 17 20 21 | 21.5
Long Blades    | 3 5 7 11 12 13 15 16 18 19 20 21 | 21.1
Evocations     | 1 2 3 4 7 9 |  9.6
Stealth        | 1 2 3 5 6 |  6.2
Dodging        | 2 4 5 6 7 |  7.0

Action                   |  1- 3 |  4- 6 |  7- 9 | 10-12 | 13-15 || total
-------------------------+-------+-------+-------+-------+-------++-------
Melee: Long sword        |    37 |       |       |       |       ||    37
       Headbutt          |     5 |     1 |     9 |   105 |    45 ||   165
       Scimitar          |       |     3 |    37 |   322 |   119 ||   481
Invok: Call Merchant     |       |       |       |     1 |     1 ||     2
 Abil: Stop Flying       |       |       |       |     1 |       ||     1
Evoke: Wand              |       |     2 |     2 |     5 |       ||     9
       Tin of tremorston |       |       |       |     3 |    18 ||    21
       Condenser vane    |       |       |       |     1 |     8 ||     9
  Use: Potion            |       |       |     2 |     2 |     4 ||     8
       Scroll            |       |       |       |     2 |     4 ||     6
 Stab: Distracted        |       |       |       |     3 |     4 ||     7
       Confused          |       |       |       |     1 |       ||     1
Armor: Scale mail        |    10 |       |       |       |       ||    10
       Chain mail        |       |       |    11 |    64 |       ||    75
       Plate armour      |       |       |       |    17 |    53 ||    70
Dodge: Dodged            |     8 |     1 |     7 |    63 |    28 ||   107
Block: Kite shield       |    13 |     2 |    19 |   135 |    66 ||   235
       Rpst.: Scimitar   |       |       |     2 |    13 |     3 ||    18

Table legend: (Time is in decaauts)
 A = Elapsed time spent in this place.
 B = Non-inter-level travel time spent in this place.
 C = Inter-level travel time spent in this place.
 D = Time resting spent in this place.
 E = Time spent auto-exploring this place.
 F = Levels seen in this place.
 G = Mean time per level.
                   A        B        C        D        E       F      G
               +--------+--------+--------+--------+--------+-----+--------+
         Total |   7779 |   7779 |      0 |   4776 |    504 |   1 | 7779.0 |
       Dungeon |   7779 |   7779 |      0 |   4776 |    504 |   1 | 7779.0 |
               +--------+--------+--------+--------+--------+-----+--------+

Top non-repeatable levels by time:
       D: 7779 daAuts
